 Dungeon Crawl Stone Soup version 0.31-a0-174-g85c54bcb58 (webtiles) character file.

Game seed: 22336806282149349

101202 Dittersdorf the Tortoise (level 16, 0/110 HPs)
             Began as a Gargoyle Fighter on June 14, 2023.
             Was the Champion of Okawaru.
             Slain by a wolf spider (9 damage)
             ... on level 3 of the Spider Nest on June 15, 2023.
             The game lasted 00:35:15 (21326 turns).

Dittersdorf the Tortoise (Gargoyle Fighter)        Turns: 21326, Time: 00:35:16

Health: 0/110      AC: 63    Str: 31 (32) XL:     16   Next: 29%
Magic:  16/16      EV:  6    Int: 14      God:    Okawaru [******]
Gold:   2418       SH:  0    Dex: 11      Spells: 13/15 levels left

rFire   + . .        A - +4 eveningstar (protect)
rCold   + + .        y - +5 kite shield "Xarghy" {rPois Dex+2}
rNeg    + . .        J - +8 orange crystal plate armour {Archmagi, Int+3 Clar}
rPois   ∞            L - +0 helmet {Int+3}
rElec   +            F - scarf {rC+ rF+}
rCorr   .            u - +2 pair of gloves {Str+3}
SInv    +            I - +1 pair of boots of the Writhing Gods {rPois rC+}
Will    +....        o - amulet of regeneration Stlth
                     e - +4 ring of protection
HPRegen 1.18/turn    t - ring of see invisible
MPRegen 0.15/turn

%: clarity, archmagi
@: confused, mighty, ambrosia-drunk, under a protective aura, flying, studying 2
skills
A: sickness immunity, AC +12, big wings, negative energy resistance 1,
electricity resistance, torment resistance 1, petrification resistance
a: Renounce Religion, Heroism, Finesse, Duel


You were on level 3 of the Spider Nest.
You worshipped Okawaru.
Okawaru was exalted by your worship.
You visited 4 branches of the dungeon, and saw 26 of its levels.

You collected 2418 gold pieces.

Inventory:

Hand Weapons
 A - a +4 eveningstar of protection (weapon)
Missiles
 f - 5 curare-tipped darts (quivered)
 v - 6 throwing nets
Armour
 b - a +2 pair of boots
 u - a +2 pair of gloves of strength (worn)
 y - the +5 kite shield "Xarghy" (worn) {rPois Dex+2}
   (Okawaru gifted it to you on level 9 of the Dungeon)

   Dex:       It affects your dexterity (+2).
   rPois:     It protects you from poison.
 F - a scarf of resistance (worn)
 I - the +1 pair of boots of the Writhing Gods (worn) {rPois rC+}
   (Okawaru gifted it to you on level 11 of the Dungeon)

   rC:        It protects you from cold.
   rPois:     It protects you from poison.
 J - the +8 orange crystal plate armour (worn) {Archmagi, Int+3 Clar}
   (You found it on level 13 of the Dungeon)

   Int:       It affects your intelligence (+3).
   Clar:      It protects you from confusion, rage, mesmerisation and fear.
 L - a +0 helmet of intelligence (worn)
 N - the +2 cloak "Detyonk" {Int+5}
   (You found it on level 3 of the Spider Nest)

   Int:       It affects your intelligence (+5).
Jewellery
 d - the ring "Cerij" {Ice Stlth+}
   (You found it on level 1 of the Lair of Beasts)

   [ring of ice]

   It enhances your ice magic.
   rF:        It makes you vulnerable to fire.
   rC:        It protects you from cold.
   Stlth:     It makes you more stealthy.
 e - a +4 ring of protection (left hand)
 g - a ring of willpower
 o - an amulet of regeneration (around neck)
 t - a ring of see invisible (right hand)
 w - a ring of wizardry
 G - a ring of positive energy
Wands
 q - a wand of quicksilver (27)
 x - a wand of digging (12)
 E - a wand of iceblast (15)
 H - a wand of flame (7)
Scrolls
 a - 12 scrolls of teleportation
 c - 4 scrolls of fear
 l - 2 scrolls of silence
 m - 3 scrolls of poison
 B - 3 scrolls of blinking
 K - 6 scrolls of identify
Potions
 h - 2 potions of haste
 i - 2 potions of resistance
 j - a potion of cancellation
 k - 2 potions of magic
 n - 3 potions of mutation
 s - 2 potions of invisibility
 z - 3 potions of enlightenment
 C - a potion of brilliance
 D - a potion of heal wounds
 M - a potion of lignification {unknown}


   Skills:
 + Level 16.1 Fighting
 + Level 14.7 Maces & Flails
 + Level 16.1 Armour
 + Level 16.1 Shields


You had 13 spell levels left.
You knew the following spells:

 Your Spells              Type           Power      Damage    Failure   Level
a - Passwall              Tmut/Erth      0%         N/A       100%        2

Your spell library contained the following spells:

 Spells                   Type           Power      Damage    Failure   Level
 Beastly Appendage        Tmut           0%         N/A       99%         1
 Sting                    Tmut/Pois      0%         1d3       99%         1
 Blink                    Tloc           0%         N/A       100%        2
 Ensorcelled Hibernation  Hex/Ice        0%         N/A       100%        2
 Lesser Beckoning         Tloc           0%         N/A       100%        2
 Wereblood                Tmut           0%         N/A       100%        2
 Dazzling Flash           Conj/Hex       0%         N/A       100%        3
 Gell's Gravitas          Tloc           0%         N/A       100%        3
 Ignite Poison            Fire/Tmut/Pois 0%         N/A       100%        3
 Inner Flame              Hex/Fire       0%         N/A       100%        3
 Spider Form              Tmut/Pois      0%         N/A       100%        3
 Stone Arrow              Conj/Erth      0%         3d7       100%        3
 Swiftness                Air            0%         N/A       100%        3
 Teleport Other           Tloc           0%         N/A       100%        3
 Manifold Assault         Tloc           0%         N/A       100%        4
 Petrify                  Tmut/Erth      0%         N/A       100%        4
 Sticky Flame             Conj/Fire      0%         2d3       100%        4
 Freezing Cloud           Conj/Ice/Air   0%         6-21      100%        5
 Irradiate                Conj/Tmut      0%         3d11      100%        5
 Yara's Violent Unravell  Hex/Tmut       0%         3d3       100%        5
 Enfeeble                 Hex            0%         N/A       100%        7
 Storm Form               Tmut/Air       0%         N/A       100%        7
 Ignition                 Fire           0%         3d3       100%        8
 Lehudib's Crystal Spear  Conj/Erth      0%         10d2      100%        8
 Cigotuvi's Dreadful Rot  Necr/Pois/Air  Unusable   N/A       N/A         2
 Sublimation of Blood     Necr           Unusable   N/A       N/A         2
 Call Canine Familiar     Summ           Unusable   N/A       N/A         3
 Animate Armour           Summ/Erth      Unusable   N/A       N/A         4
 Summon Cactus Giant      Summ           Unusable   N/A       N/A         6

Dungeon Overview and Level Annotations

Branches:
Dungeon (15/15)            Temple (0/1) D:5            Lair (5/5) D:9
 Shoals (0/4) Lair:3       Spider (4/4) Lair:3        Slime (0/5) Lair:4
    Orc (2/2) D:11            Elf (0/3) Orc:2        Vaults (0/5) D:14
 Depths (0/4) D:15

Altars:
Makhleb
Nemelex Xobeh
Okawaru
Qazlal
Sif Muna
Vehumet
Zin
Jiyva

Shops:
D:9 (   D:12 (   Orc:2 (([=


Innate Abilities, Weirdness & Mutations

You are immune to sickness and miasma.
Your stone body is resilient. (AC +12)
You are immune to poison.
Your large and strong wings let you fly.
You resist negative energy. (rN+)
You are resistant to electric shocks. (rElec)
You are resistant to unholy torment.
You are immune to petrification.


Message History

The wolf spider hits you but does no damage.
The wolf spider bites you!
* * * LOW HITPOINT WARNING * * *
The redback bites you but does no damage.
The wolf spider hits you but does no damage.
The wolf spider bites you but does no damage.
The redback bites you!
* * * LOW HITPOINT WARNING * * *
The wolf spider hits you but does no damage.
The wolf spider bites you but does no damage.
You are too confused!
You feel much better.
The jumping spider rages.
The wolf spider hits you but does no damage.
The wolf spider barely misses you. The redback barely misses you.
The wolf spider hits you but does no damage.
The wolf spider bites you but does no damage.
You feel very mighty all of a sudden.
The wolf spider hits you but does no damage.
The wolf spider bites you but does no damage.
The redback bites you but does no damage.
The wolf spider closely misses you.
The wolf spider bites you but does no damage.
The redback bites you but does no damage.
The moth of wrath goads the wolf spider on!
The wolf spider goes berserk!
The wolf spider hits you!!
* * * LOW HITPOINT WARNING * * *
The wolf spider bites you but does no damage.
The wolf spider hits you but does no damage.
The wolf spider bites you but does no damage.
You're too confused to move!
The redback bites you but does no damage.
The wolf spider hits you!!
* * * LOW HITPOINT WARNING * * *
The wolf spider bites you but does no damage.
The wolf spider hits you but does no damage.
The wolf spider closely misses you.
The redback bites you but does no damage.
The wolf spider closely misses you. The wolf spider bites you!
You die...

..###......#...#.†..^...#
~##.......##.....>..#####
..#....####..........##
^/.^..^.###.........#≈####
..^....##......##....~#≈≈##
...............^#.^...≈≈≈≈#
................#^....~≈≈≈#
....<#........####...>~≈≈##
.#...#........ys@#...~≈≈≈#
^#~..#....#.†.sss####≈≈###
^.####....#~...s#####~##
....~....^.######^#..##
.)..##..........^.....#
.....#^..............^#
.....##...............#
..####.....#........###
....~......##........#


You could see 2 wolf spiders, a moth of wrath, a jumping spider (berserk) and 2
redbacks.

Vanquished Creatures
  Saint Roka (Orc:2)
  Gastronok (Lair:3)
  A ghost moth (Spider:3)
  5 slime creatures
  An orc warlord (Orc:1)
  A dire elephant (Lair:5)
  Harold (Orc:1)
  2 hydras (D:15)
  5 centaur warriors
  2 catoblepae
  A jorogumo (Spider:1)
  4 boulder beetles
  A radroach (Spider:2)
  A deep troll shaman (Lair:5)
  6 two-headed ogres
  3 death yaks (Lair:5)
  A vampire mage (D:15)
  2 tengu warriors
  2 orc high priests
  The ghost of BlueFish the Charlatan, a novice DrAr of Vehumet (D:8)
  A storm dragon zombie (D:15)
  A skyshark (Lair:4)
  4 pharaoh ants
  2 spark wasp zombies (D:15)
  A skeletal warrior (D:15)
  2 orb spiders
  Lodul (D:13)
  A necromancer (D:15)
  Pikel (D:9)
  A steelbarb worm (shapeshifter) (D:14)
  6 steelbarb worms
  4 orc knights
  A lindwurm (Lair:1)
  6 orc sorcerers
  7 wolf spiders
  10 ugly things
  A cyclops (Orc:1)
  3 manticores
  2 moths of wrath (Spider:2)
  4 black mambas
  12 elephants
  A gargoyle (D:14)
  3 torpor snails
  The ghost of ZoeForever1 the Ruffian, a novice DrTm of Wu Jian (D:4)
  2 kobold demonologists
  An efreet (D:15)
  9 cane toads
  A cane toad (shapeshifter) (D:14)
  2 freezing wraiths
  A rime drake (Lair:3)
  5 komodo dragons
  3 unseen horrors
  A guardian mummy (D:15)
  9 trolls
  5 polar bears
  3 tengu conjurers
  A troll (shapeshifter) (D:15)
  A hornet (Lair:5)
  12 tarantellas
  Prince Ribbit (D:7)
  7 blink frogs (Lair:4)
  A hornet (shapeshifter) (D:14)
  9 dream sheep (Lair:3)
  13 jumping spiders
  7 culicivoras
  5 vampires
  A spriggan (shapeshifter) (Spider:1)
  A spriggan (Lair:5)
  A spriggan skeleton (D:15)
  4 wraiths
  2 basilisks
  29 yaks
  A wyvern (Lair:2)
  25 redbacks
  8 vampire mosquitoes
  4 wargs (Orc:1)
  An acid dragon (D:11)
  8 water moccasins
  41 orc warriors
  Duvessa (D:5)
  2 ice beasts
  2 sky beasts
  7 black bears
  16 ogres
  18 wolves
  19 centaurs
  A phantom (D:5)
  Blork the orc (D:5)
  3 kobold brigands
  12 bullfrogs
  3 scorpions
  3 gnoll sergeants
  3 wights (D:6)
  A wyvern skeleton (D:4)
  Dowan (D:5)
  2 vampire bats (Lair:5)
  2 howler monkeys
  An electric eel (Spider:3)
  2 lava snakes (Lair:1)
  6 jellies
  22 orc priests
  2 gnoll boudas
  A centaur skeleton (D:4)
  3 hounds
  A sleepcap (D:5)
  2 iguanas (D:6)
  27 orc wizards
  5 hell rats (Lair:1)
  2 killer bee zombies (D:4)
  22 gnolls
  9 adders
  2 shadow imps
  An ufetubus (D:5)
  4 worms
  3 dart slugs
  110 orcs
  11 bats
  9 endoplasms
  5 giant cockroaches
  6 hobgoblins
  6 jackals
  3 quokkas
  6 ball pythons
  5 goblins
  11 kobolds
  3 rats
  A butterfly (Lair:3)
731 creatures vanquished.

Vanquished Creatures (others)
  An orc (Orc:1)
1 creature vanquished.

Grand Total: 732 creatures vanquished

Notes
Turn   | Place    | Note
-------+----------+-------------------------------------------
     0 | D:1      | Dittersdorf the Gargoyle Fighter began the quest for the
                  | Orb.
     0 | D:1      | Reached XP level 1. HP: 14/14 MP: 1/1
   134 | D:1      | Reached XP level 2. HP: 15/19 MP: 2/2
   763 | D:1      | Found a faded altar of an unknown god.
   845 | D:2      | Reached XP level 3. HP: 23/24 MP: 3/3
  1142 | D:2      | Reached XP level 4. HP: 29/29 MP: 4/4
  1655 | D:3      | Reached XP level 5. HP: 33/33 MP: 5/5
  1715 | D:3      | Found a sparkling altar of Nemelex Xobeh.
  1742 | D:3      | Found a stormy altar of Qazlal.
  1779 | D:3      | Found an iron altar of Okawaru.
  1824 | D:3      | Became a worshipper of Warmaster Okawaru
  2185 | D:4      | Found a runed translucent gate.
  2185 | D:4      | Found a runed translucent gate.
  2186 | D:4      | Found a runed translucent gate.
  2188 | D:4      | Noticed ZoeForever1's ghost (novice DrTm)
  2888 | D:4      | Killed ZoeForever1's ghost
  2888 | D:4      | Reached * piety under Okawaru
  2889 | D:4      | Reached skill level 5 in Fighting
  2889 | D:4      | Reached skill level 5 in Armour
  2889 | D:4      | Reached skill level 5 in Shields
  2889 | D:4      | Reached XP level 6. HP: 32/40 MP: 6/6
  2889 | D:4      | Reached XP level 7. HP: 35/44 MP: 7/7
  2972 | D:5      | Entered Level 5 of the Dungeon
  3241 | D:5      | Found a staircase to the Ecumenical Temple.
  3249 | D:5      | Reached ** piety under Okawaru
  3299 | D:5      | Reached XP level 8. HP: 51/51 MP: 8/8
  3446 | D:5      | Noticed Blork the orc
  3455 | D:5      | Killed Blork the orc
  3521 | D:5      | Reached skill level 5 in Maces & Flails
  3663 | D:5      | Noticed Dowan
  3664 | D:5      | Noticed Duvessa
  3674 | D:5      | Killed Duvessa
  3690 | D:5      | Killed Dowan
  4212 | D:6      | Reached *** piety under Okawaru
  4317 | D:6      | Reached XP level 9. HP: 56/56 MP: 9/9
  4720 | D:7      | Learned a level 2 spell: Passwall
  4888 | D:7      | Noticed Prince Ribbit
  4901 | D:7      | Killed Prince Ribbit
  5029 | D:6      | Reached **** piety under Okawaru
  5422 | D:8      | Found a runed translucent door.
  5427 | D:8      | Reached XP level 10. HP: 64/64 MP: 10/10
  5442 | D:8      | Noticed BlueFish's ghost (novice DrAr)
  5472 | D:8      | Noticed a two-headed ogre
  5472 | D:8      | Noticed a boulder beetle
  5480 | D:8      | Killed a two-headed ogre
  5480 | D:8      | Reached ***** piety under Okawaru
  5559 | D:7      | Killed a boulder beetle
  6012 | D:8      | Killed BlueFish's ghost
  6012 | D:8      | Received a gift from Okawaru
  6070 | D:9      | Found Kozudon's Weapon Shoppe.
  6240 | D:9      | Found a burning altar of Makhleb.
  6267 | D:9      | Noticed Pikel
  6323 | D:9      | Killed Pikel
  6440 | D:9      | Identified the +5 kite shield "Xarghy" {rPois Dex+2}
                  | (Okawaru gifted it to you on level 9 of the Dungeon)
  6440 | D:9      | Received a gift from Okawaru
  6468 | D:9      | Found a glowing silver altar of Zin.
  6472 | D:9      | Found a radiant altar of Vehumet.
  6703 | D:9      | Reached XP level 11. HP: 66/71 MP: 11/11
  6711 | D:9      | Found a staircase to the Lair.
  7075 | D:10     | Entered Level 10 of the Dungeon
  7083 | D:10     | Got the Directory of the Star-crossed Boggart
  7106 | D:10     | Noticed a sun demon
  7864 | D:10     | Reached skill level 10 in Fighting
  7864 | D:10     | Reached skill level 10 in Shields
  7865 | D:10     | Reached skill level 10 in Armour
  8257 | Lair:1   | Entered Level 1 of the Lair of Beasts
  8315 | Lair:1   | Found a runed translucent door.
  8413 | Lair:1   | Received a gift from Okawaru
  8522 | Lair:1   | Found a runed translucent gate.
  8522 | Lair:1   | Found a runed translucent gate.
  8522 | Lair:1   | Found a runed translucent gate.
  8522 | Lair:1   | Found a runed translucent gate.
  8522 | Lair:1   | Found a runed translucent gate.
  8522 | Lair:1   | Noticed a boulder beetle
  8522 | Lair:1   | Noticed a boulder beetle
  8545 | Lair:1   | Found a runed translucent gate.
  8545 | Lair:1   | Noticed a lindwurm
  8576 | Lair:1   | Killed a boulder beetle
  8579 | Lair:1   | Killed a boulder beetle
  8636 | Lair:1   | Killed a lindwurm
  8636 | Lair:1   | Received a gift from Okawaru
  8637 | Lair:1   | Reached XP level 12. HP: 80/80 MP: 9/12
  8668 | Lair:1   | Identified the ring "Cerij" {Ice Stlth+}
  8960 | Lair:1   | Reached skill level 10 in Maces & Flails
  9911 | Lair:3   | Found a hole to the Spider Nest.
 10022 | Lair:3   | Noticed Gastronok
 10046 | Lair:3   | Received a gift from Okawaru
 10080 | Lair:3   | Killed Gastronok
 10178 | Lair:3   | Found a staircase to the Shoals.
 10453 | Lair:3   | Identified the +0 long sword "Varev" {speed, rElec rPois
                  | Str-5 Int+2}
 10688 | Lair:3   | Received a gift from Okawaru
 10698 | Lair:3   | Reached XP level 13. HP: 84/86 MP: 13/13
 10912 | Lair:4   | Reached ****** piety under Okawaru
 10941 | Lair:4   | Received a gift from Okawaru
 11394 | Lair:4   | Found a viscous altar of Jiyva.
 11395 | Lair:4   | Found a staircase to the Slime Pits.
 11677 | Lair:5   | Entered Level 5 of the Lair of Beasts
 11997 | Lair:5   | Noticed a dire elephant
 12038 | Lair:5   | Killed a dire elephant
 12038 | Lair:5   | Received a gift from Okawaru
 12099 | Lair:5   | Found the +3 warlock's mirror {omnireflect}
 12355 | Lair:5   | Received a gift from Okawaru
 12477 | Lair:5   | Gained mutation: Your large and strong wings let you fly.
                  | [Gargoyle growth]
 12477 | Lair:5   | Reached XP level 14. HP: 83/94 MP: 14/14
 13097 | D:11     | Found a staircase to the Orcish Mines.
 13304 | D:11     | Identified the +1 pair of boots of the Writhing Gods {rPois
                  | rC+} (Okawaru gifted it to you on level 11 of the Dungeon)
 13304 | D:11     | Received a gift from Okawaru
 13643 | D:11     | You are sucked into a shaft and drop 2 floors!
 13648 | D:13     | Found the +8 orange crystal plate armour {Archmagi, Int+3
                  | Clar}
 13671 | D:13     | Noticed Lodul
 13715 | D:13     | Killed Lodul
 13797 | D:13     | Identified the +5 rapier "Faupaept" {freeze, rPois rC++
                  | Int+3 Dex-4}
 14078 | D:12     | Found Hiwn's Antique Weapon Shop.
 15119 | D:14     | Found a gate to the Vaults.
 15530 | D:14     | Received a gift from Okawaru
 15670 | D:14     | Found a runed translucent door.
 15845 | D:14     | Paralysed by an orc sorcerer for 5 turns
 15874 | D:14     | Paralysed by an orc sorcerer for 5 turns
 15993 | D:15     | Entered Level 15 of the Dungeon
 16221 | D:15     | Reached XP level 15. HP: 84/101 MP: 15/15
 16416 | D:15     | Found a staircase to the Depths.
 16573 | D:15     | Reached skill level 15 in Shields
 16581 | D:15     | Reached skill level 15 in Fighting
 16853 | D:15     | Reached skill level 15 in Armour
 17337 | Orc:1    | Entered Level 1 of the Orcish Mines
 17397 | Orc:1    | Received a gift from Okawaru
 17521 | Orc:1    | Noticed Harold
 17534 | Orc:1    | Killed Harold
 17567 | Orc:1    | Noticed an orc warlord
 17597 | Orc:1    | Killed an orc warlord
 17822 | Orc:2    | Entered Level 2 of the Orcish Mines
 18002 | Orc:2    | Upgraded the game from 0.31-a0-167-g1c394c0614 to
                  | 0.31-a0-174-g85c54bcb58
 18012 | Orc:2    | Found a staircase to the Elven Halls.
 18410 | Orc:2    | Found Narit's Jewellery Boutique.
 18561 | Orc:2    | Found a shimmering blue altar of Sif Muna.
 18597 | Orc:2    | Got Sif Muna's Compendium of the Modern Princes
 18654 | Orc:2    | Noticed Saint Roka
 18803 | Orc:2    | HP: 1/103 [red devil/+0 trident[an orc high priest] (11)]
 19027 | Orc:2    | Killed Saint Roka
 19138 | Orc:2    | Found Itess's Antique Weapon Shop.
 19148 | Orc:2    | Found Ufija's Antique Armour Boutique.
 19287 | Orc:2    | Found Arint's Weapon Boutique.
 19452 | Spider:1 | Entered Level 1 of the Spider Nest
 19470 | Lair:3   | Identified the +3 mace of the Many Stories {heavy, Fragile
                  | rC+ rCorr Int+3} (Okawaru gifted it to you on level 3 of
                  | the Lair of Beasts)
 19470 | Lair:3   | Received a gift from Okawaru
 20333 | Spider:2 | Reached XP level 16. HP: 107/110 MP: 16/16
 20411 | Spider:2 | Received a gift from Okawaru
 20853 | Spider:3 | Identified the +2 cloak "Detyonk" {Int+5}
 21123 | Spider:4 | Entered Level 4 of the Spider Nest
 21326 | Spider:3 | Slain by a wolf spider

Illustrated notes

Levels and vault maps discovered:
D:1:      dpeg_arrival_more_subterranean_lakeside_camping, layout_basic,
          dreamdust_ecumenical_altar_hidden_monk_grotto
D:2:      layout_basic, minmay_vboxes
D:3:      layout_loops_ring, mainiacjoe_overflow_alcove_1, lemuel_tele_altar,
          mainiacjoe_overflow_tiny_flanked, hex_medium, st_stairs_1,
          nicolae_elevator_lobby_plus
D:4:      layout_loops_ring, gammafunk_ghost_necromancy
D:5:      layout_basic, minmay_temple_entry_slanted, uniq_duvessa,
          uniq_blork_the_orc
D:6:      layout_basic
D:7:      layout_basic, uniq_prince_ribbit1
D:8:      layout_cave_pools, ebering_ghost_reflecting_pool, st_stairs_12,
          minmay_manual_monstrance
D:9:      layout_stronghold, mainiacjoe_overflow_small_starburst,
          mainiacjoe_overflow_catwalk_spiral, due_lair_maze_entry_diamond,
          serial_shops, nicolae_square_shop, uniq_pikel
D:10:     layout_stronghold
D:11:     minmay_skewed_foursquare, layout_basic, david_orc_3
D:12:     layout_basic, serial_shops, nicolae_lakefront_shop, hex_tiny
D:13:     layout_cross, uniq_lodul
D:14:     layout_roguey, david_vaults_2, lightli_church_of_beogh
D:15:     gammafunk_depths_entry_grave, layout_layer_cave,
          chequers_serial_rivers_room_b
Lair:1:   gammafunk_indiana_jones, layout_big_grid, lemuel_fruit_fields
Lair:2:   hellmonk_destroyed_diamonds, layout_cave_pods, serial_bayou_shore_b
Lair:3:   layout_cave_pods, minmay_shoals_entry_centaurs,
          spider_nest_entry_rubble, lemuel_fruit_fields, uniq_gastronok
Lair:4:   layout_hall_layers, nicolae_slime_entry_slimehenge
Lair:5:   grunt_lair_end_beastmaster, layout_gridlike, roderic_batcave,
          grunt_forest_large_clearings
Spider:1: layout_spider_delve, hellmonk_deceptive_appearances
Spider:2: layout_spider_delve
Spider:3: layout_spider_delve
Spider:4: floodkiller_spider_rune_tomb
Orc:1:    layout_caves, minmay_orc_temple_b, uniq_harold
Orc:2:    grunt_orc_community_town_hall, layout_caves,
          grunt_orc_community_big_house_2, grunt_orc_community_big_house_2,
          grunt_orc_community_house_3, grunt_orc_community_house_1,
          grunt_orc_community_house_3, grunt_orc_community_house_1,
          grunt_orc_community_house_1, led_sif_book

Skill      XL: |  1  2  3  4  5  6  7  8  9 10 11 12 13 14 15 16 |
---------------+-------------------------------------------------+-----
Fighting       | 4 5 6 8 9 11 12 13 14 15 16 | 16.1
Armour         | 4 5 6 8 9 10 12 13 14 15 16 | 16.1
Shields        | 4 5 6 8 9 11 12 13 14 15 16 | 16.1
Maces & Flails | 3 4 5 7 8 9 11 12 13 14 | 14.7

Action                     |  1- 3 |  4- 6 |  7- 9 | 10-12 | 13-15 | 16-18 || total
---------------------------+-------+-------+-------+-------+-------+-------++-------
  Melee: Flail             |    94 |   143 |   444 |   448 |       |       ||  1129
         Eveningstar       |       |       |       |   254 |  1644 |   202 ||  2100
  Throw: Dart              |       |       |       |     3 |       |       ||     3
 Invoke: Heroism           |       |       |       |     8 |     8 |       ||    16
    Use: Potion            |       |     1 |       |       |     8 |     3 ||    12
         Scroll            |       |       |    18 |     4 |    10 |       ||    32
   Stab: Petrified         |       |       |       |       |     9 |       ||     9
 Armour: Scale mail        |    60 |   108 |   335 |   113 |       |       ||   616
         Chain mail        |       |       |       |    36 |       |       ||    36
         Plate armour      |       |       |       |   545 |   401 |       ||   946
         Crystal plate arm |       |       |       |       |   767 |   254 ||  1021
  Dodge: Dodged            |    44 |    83 |   228 |   306 |   364 |    62 ||  1087
  Block: Buckler           |    22 |    40 |    55 |       |       |       ||   117
         Kite shield       |       |       |   190 |   823 |  1677 |   251 ||  2941

Table legend: (Time is in decaauts)
 A = Elapsed time spent in this place.
 B = Non-inter-level travel time spent in this place.
 C = Inter-level travel time spent in this place.
 D = Time resting spent in this place.
 E = Time spent auto-exploring this place.
 F = Levels seen in this place.
 G = Mean time per level.
                   A        B        C        D        E       F      G
               +--------+--------+--------+--------+--------+-----+--------+
         Total |  21336 |  19896 |   1440 |    823 |  13478 |  26 |  820.6 |
       Dungeon |  12970 |  11947 |   1023 |    201 |   8618 |  15 |  864.7 |
          Lair |   4624 |   4306 |    318 |    282 |   2786 |   5 |  924.8 |
   Spider Nest |   1797 |   1771 |     26 |    129 |   1101 |   4 |  449.2 |
  Orcish Mines |   1944 |   1872 |     72 |    211 |    973 |   2 |  972.0 |
               +--------+--------+--------+--------+--------+-----+--------+

Top non-repeatable levels by time:
    D:15: 1249 daAuts
     D:9: 1173 daAuts
   Orc:2: 1155 daAuts
    D:10: 1128 daAuts
     D:5: 1107 daAuts
  Lair:3: 1008 daAuts
  Lair:5: 1006 daAuts
    D:11: 986 daAuts
  Lair:2: 911 daAuts
    D:14: 878 daAuts
     D:4: 865 daAuts
  Lair:1: 853 daAuts
     D:1: 847 daAuts
  Lair:4: 844 daAuts
   Orc:1: 789 daAuts
